 Dungeon Crawl Stone Soup version 0.27-a0-1359-ga2a4dfd6fd (webtiles) character file.

Game seed: 7567668828776506969

4 dickylongcocking the Magician (level 1, -1/17 HPs)
             Began as a Djinni Fire Elementalist on June 28, 2021.
             Slain by a quokka (2 damage)
             ... on level 1 of the Dungeon.
             The game lasted 00:00:25 (245 turns).

dickylongcocking the Magician (DjFE)                 Turns: 245, Time: 00:00:26

Health: -1/17      AC:  2    Str:  7    XL:     1   Next: 66%
Gold:   17         EV: 12    Int: 16    God:
                   SH:  0    Dex: 13

rFire    + + .     SeeInvis .   (no weapon)
rCold    x . .     Faith    .   (no shield)
rNeg     . . .     Spirit   .   a - +0 robe
rPois    ∞         Reflect  .   (no helmet)
rElec    .         Harm     .   (no cloak)
rCorr    .         Rampage  .   (no gloves)
Will     .....                  (boots unavailable)
Stlth    ++........             (no amulet)
HPRegen  0.05/turn              (no ring)
MPRegen  0.00/turn              (no ring)

@: flying
A: sickness immunity, fire resistance 2, cold vulnerability 1, float, innate
caster, hp casting, extra vitality 1
a: no special abilities


You were on level 1 of the Dungeon.
You visited 1 branch of the dungeon, and saw 1 of its levels.

You collected 17 gold pieces.

Inventory:

Armour
 a - a +0 robe (worn)


   Skills:
 * Level 1.1 Fighting
 - Level 2.1 Dodging
 - Level 1.5 Stealth
 - Level 2.4 Spellcasting


You couldn't memorise any spells.
You knew the following spells:

 Your Spells              Type           Power      Damage    Failure   Level
a - Foxfire               Conj/Fire      36%        2x1d5     8%          1
b - Conjure Flame         Conj/Fire      9%         6-21      22%         3
c - Inner Flame           Hex/Fire       9%         N/A       22%         3
d - Sticky Flame          Conj/Fire      9%         2d3       58%         4
e - Fireball              Conj/Fire      4%         3d4       90%         5
Your spell library was empty.

Dungeon Overview and Level Annotations

Branches:
Dungeon (1/15)

Altars:


Innate Abilities, Weirdness & Mutations

You are immune to sickness and miasma.
You are immune to poison.
Your flesh is very heat resistant. (rF++)
You are vulnerable to cold. (rC-)
You float through the air rather than walking.
You learn spells naturally, not from books.
Your magical power is your life essence.
You have superior vitality. (+4 HP)


Message History

The foxfire hits the kobold.
The kobold is moderately wounded.
The foxfire hits the bat.
You kill the bat!
The frilled lizard bites you.
Your Fighting skill increases to level 1!
Casting: Foxfire (safe; 8% risk of failure)
Confirm with . or Enter, or press ? or * to list all spells.
You conjure some foxfire!
The quokka closely misses you. The quokka bites you.
The frilled lizard bites you.
* * * LOW HITPOINT WARNING * * *
Your magical contamination has completely faded away.
Sorry, you're not good enough to have a special ability.
Your foxfire dissipates!
The kobold hits you with a +0 whip.
* * * LOW HITPOINT WARNING * * *
The quokka bites you but does no damage.
Unknown command.
Casting: Foxfire (safe; 8% risk of failure)
Confirm with . or Enter, or press ? or * to list all spells.
You don't have enough health to cast this spell.
Unknown command.
Unknown command.
The kobold misses you. The quokka barely misses you.
Casting: Foxfire (safe; 8% risk of failure)
Confirm with . or Enter, or press ? or * to list all spells.
You don't have enough health to cast this spell.
Unknown command.
Assign waypoint to what number? (0-9)
Okay, then.
Welcome back, dickylongcocking the Djinni Fire Elementalist.
Press ? for a list of commands and other information.
Unknown command.
You aren't carrying any potions.
Unknown command.
You aren't carrying any scrolls.
Unknown command.
The quokka bites you.
You die...

###########
#.r@.......
#.######### #.# #l#
#######K####
########..........##
......................
##.#.###..........####
#.#.# #.....?....#


You could see a quokka.

Vanquished Creatures
  A bat (D:1)
  A goblin (D:1)
  2 rats (D:1)
4 creatures vanquished.

Vanquished Creatures (others)
  11 foxfires (D:1)
11 creatures vanquished.

Grand Total: 15 creatures vanquished

Notes
Turn   | Place    | Note
-------+----------+-------------------------------------------
     0 | D:1      | dickylongcocking the Djinni Fire Elementalist began the
                  | quest for the Orb.
     0 | D:1      | Reached XP level 1. HP: 15/15 MP: 0/0
   234 | D:1      | Reached skill level 1 in Fighting
   245 | D:1      | Slain by a quokka

Illustrated notes

Levels and vault maps discovered:
D:1:      psy_arrival_fountain, layout_basic,
          dilly_ecumenical_altar_fadedgnrine, st_stairs_13, minmay_surrounded

Skill      XL: |  1 |
---------------+----+-----
Fighting       | 1 |  1.1
Dodging        | |  2.1
Stealth        | |  1.5
Spellcasting   | |  2.4

Action                   || total
-------------------------++-------
Melee: Unarmed           ||     4
 Cast: Foxfire           ||    11
Armor: Robe              ||     7
Dodge: Dodged            ||    12

Table legend: (Time is in decaauts)
 A = Elapsed time spent in this place.
 B = Non-inter-level travel time spent in this place.
 C = Inter-level travel time spent in this place.
 D = Time resting spent in this place.
 E = Time spent auto-exploring this place.
 F = Levels seen in this place.
 G = Mean time per level.
                   A        B        C        D        E       F      G
               +--------+--------+--------+--------+--------+-----+--------+
         Total |    245 |    245 |      0 |      0 |    203 |   1 |  245.0 |
       Dungeon |    245 |    245 |      0 |      0 |    203 |   1 |  245.0 |
               +--------+--------+--------+--------+--------+-----+--------+

Top non-repeatable levels by time:
     D:1: 245 daAuts
